 Dungeon Crawl Stone Soup version 0.27.1-2-g3b301248ec (webtiles) character file.

Game seed: 17659383952724733025

63 MisterFreud the Ducker (level 3, 0/25 HPs)
             Began as a Felid Berserker on Sept 22, 2021.
             Was a Follower of Trog.
             Frozen to death by an endoplasm (2 damage)
             ... on level 3 of the Dungeon.
             The game lasted 00:01:45 (2239 turns).

MisterFreud the Ducker (Felid Berserker)            Turns: 2239, Time: 00:01:46

Health: 0/25       AC:  1    Str: 13    XL:     3   Next: 89%
Magic:  4/4        EV: 18    Int:  8    God:    Trog [*.....]
Gold:   103        SH:  0    Dex: 16    Spells: 2/2 levels left
                                        Lives:  0   Deaths: 0

rFire    . . .     SeeInvis +     - Unarmed
rCold    . . .     Faith    .   (shield unavailable)
rNeg     . . .     Spirit   .   (armour unavailable)
rPois    .         Reflect  .   (helmet unavailable)
rElec    .         Harm     .   (cloak unavailable)
rCorr    .         Rampage  .   (gloves unavailable)
Will     .....                  (boots unavailable)
Stlth    ..........             j - amulet of the acrobat
HPRegen  0.08/turn              (no ring)
MPRegen  0.09/turn              (no ring)

@: berserking, very quick
A: very small, claws 1, fangs 3, see invisible, speed 1, shaggy fur 1, stealthy
paws, no weapons or thrown items, no armour, multi-lived
a: Renounce Religion, Berserk


You were on level 3 of the Dungeon.
You worshipped Trog.
Trog was aware of your devotion.
You visited 1 branch of the dungeon, and saw 3 of its levels.

You collected 126 gold pieces.
You spent 23 gold pieces at shops.

Inventory:

Jewellery
 j - an amulet of the acrobat (around neck)
Scrolls
 b - a scroll of magic mapping {unknown}
 e - a scroll of acquirement {unknown}
 g - a scroll of immolation {unknown}
Potions
 a - 2 potions of curing {unknown}
 c - a potion of magic {unknown}
 d - a potion of mutation {unknown}
 f - a potion of lignification {unknown}
 h - 2 potions of heal wounds {unknown}
 i - a potion of might {unknown}


   Skills:
 - Level 3.0 Fighting
 - Level 4.0 Dodging
 + Level 3.5 Stealth
 + Level 4.0 Unarmed Combat


You had 2 spell levels left.
You didn't know any spells.
Your spell library was empty.

Dungeon Overview and Level Annotations

Branches:
Dungeon (3/15)

Altars:

Shops:
D:1 [   D:3 **

Annotations:
D:3 Grinder


Innate Abilities, Weirdness & Mutations

You have sharp claws.
You have razor-sharp teeth.
You have supernaturally acute eyesight. (SInv)
You cover ground quickly. (Speed+)
You are covered in fur. (AC +1)
Your paws help you pounce on unaware monsters.
You are incapable of wielding weapons or throwing items.
You cannot wear armour.
You gain extra lives every three experience levels.


Message History

Trog accepts your kill.
Grinder says, "Don't move a muscle."
Found a stone staircase leading down.
Grinder completely misses you.
A red film seems to cover your vision as you go berserk!
You feel yourself moving faster!
You feel mighty! The endoplasm freezes you.
You are frozen.
Grinder closely misses you.
You closely miss Grinder. Your bite misses Grinder. The endoplasm freezes you.
You are frozen.
You barely miss Grinder. Grinder hits you.
You barely miss Grinder. The hobgoblin misses you. The endoplasm freezes you.
You are frozen.
You barely miss Grinder.
Grinder says, "Mostly I couldn't keep them alive."
Grinder barely misses you. The hobgoblin closely misses you.
The endoplasm barely misses you.
You closely miss Grinder. You claw Grinder!
Grinder is lightly wounded.
Grinder misses you.
You closely miss Grinder.
Grinder is lightly wounded.
The hobgoblin misses you. The endoplasm freezes you.
You are frozen.
* * * LOW HITPOINT WARNING * * *
You claw Grinder!
Grinder is heavily wounded.
Grinder hits you.
* * * LOW HITPOINT WARNING * * *
You writhe in agony.
* * * LOW HITPOINT WARNING * * *
You scratch Grinder.
Grinder is heavily wounded.
The hobgoblin completely misses you. The endoplasm freezes you.
You are frozen.
You die...

#..##.# ##....##
#.....# #...#.#
#...#.# #...#.#
########..#.#
###.....†...#.#
.⌠.⌠..5@......#
..∩....Jg..#..#
.⌠.⌠.......#..#
.##.............
................
###..........(...
#.............
#............>


You could see Grinder, an endoplasm and a hobgoblin.

Vanquished Creatures
  Terence (D:2)
  An adder (D:2)
  2 dart slugs
  4 ball pythons
  4 endoplasms
  4 goblins
  A hobgoblin (D:1)
  2 kobolds (D:2)
  2 quokkas
  2 bats (D:3)
  A frilled lizard (D:1)
  2 rats (D:2)
26 creatures vanquished.

Notes
Turn   | Place    | Note
-------+----------+-------------------------------------------
     0 | D:1      | MisterFreud the Felid Berserker began the quest for the
                  | Orb.
     0 | D:1      | Reached XP level 1. HP: 10/10 MP: 2/2
   184 | D:1      | You fall into a shaft and drop 1 floor!
   252 | D:1      | Reached skill level 1 in Stealth
   776 | D:1      | Found Lesun's Antique Armour Shoppe.
   850 | D:1      | Reached XP level 2. HP: 14/14 MP: 3/3
  1546 | D:2      | Noticed Terence
  1557 | D:2      | Killed Terence
  1558 | D:2      | Reached XP level 3. HP: 14/17 MP: 4/4
  2165 | D:3      | Found Lohuh's Assorted Antiques.
  2193 | D:3      | Bought a bubbling black potion for 23 gold pieces
  2226 | D:3      | Noticed Grinder
  2227 | D:3      | Found Huxio's General Store.
  2239 | D:3      | Frozen to death by an endoplasm

Illustrated notes

Levels and vault maps discovered:
D:1:      dpeg_arrival_boxorama, layout_basic, serial_shops,
          nicolae_lakefront_shop
D:2:      layout_basic, uniq_terence
D:3:      layout_basic, serial_shops, shop, shop_fountains, lemuel_old_faithful,
          uniq_grinder

Skill      XL: |  1  2  3 |
---------------+----------+-----
Stealth        | 1 3 |  3.5
Unarmed Combat | 4 |  4.0
Fighting       | |  3.0
Dodging        | |  4.0

Action                   || total
-------------------------++-------
Melee: Unarmed           ||    70
       Bite              ||     5
       Punch             ||     1
Invok: Berserk           ||     4
 Stab: Sleeping          ||     6
Armor: Skin              ||     3
Dodge: Dodged            ||    50
